 Dungeon Crawl Stone Soup version 0.30.0-5-g1a98f26d00 (webtiles) character file.

Game seed: 2187824727351950006

23219 Leibowitz the Severer (level 12, -4/122 HPs)
             Began as a Minotaur Gladiator on May 11, 2023.
             Was the Champion of Okawaru.
             Slain by a catoblepas (12 damage)
             ... while petrified by a catoblepas
             ... on level 3 of the Lair of Beasts.
             The game lasted 00:34:47 (11223 turns).

Leibowitz the Severer (Minotaur Gladiator)         Turns: 11223, Time: 00:34:47

Health: -4/122     AC: 22    Str: 29    XL:     12   Next: 69%
Magic:  11/11      EV:  2    Int:  5    God:    Okawaru [******]
Gold:   655        SH:  0    Dex: 13    Spells: 11/11 levels left

rFire   . . .        C - +3 executioner's axe (flame)
rCold   . . .        (shield currently unavailable)
rNeg    + + +        z - +0 plate armour
rPois   ∞            c - +1 hat
rElec   .            f - +0 cloak
rCorr   .            m - +0 pair of gloves {Stlth+}
SInv    .            (no boots)
Will    .....        (no amulet) Stlth
                     o - ring of poison resistance
HPRegen 0.40/turn    G - +6 ring of strength
MPRegen 0.12/turn

%: no passive effects
@: petrified
A: horns 2, retaliatory headbutt, iridescent scales 1, robust 1, shaggy fur 1
a: Renounce Religion, Heroism, Finesse, Duel


You were on level 3 of the Lair of Beasts.
You worshipped Okawaru.
Okawaru was exalted by your worship.
You visited 4 branches of the dungeon, and saw 16 of its levels.
You also visited: Bailey.

You collected 655 gold pieces.

Inventory:

Hand Weapons
 a - a +1 war axe of venom
 C - a +3 executioner's axe of flaming (weapon)
Missiles
 d - a throwing net (quivered)
 e - 11 javelins
 i - 5 curare-tipped darts
Armour
 c - a +1 hat (worn)
 f - a +0 cloak (worn)
 m - a +0 pair of gloves of stealth (worn)
 z - a +0 plate armour (worn)
 I - a +2 leather armour of fire resistance
Jewellery
 o - a ring of poison resistance (left hand)
 p - a ring of see invisible
 w - a +6 ring of dexterity
 y - a ring of resist corrosion
 A - a ring of positive energy
 E - a ring of protection from cold
 G - a +6 ring of strength (right hand)
Scrolls
 j - 4 scrolls of poison
 l - 9 scrolls of teleportation
 n - a scroll of enchant armour
 r - a scroll of silence
 s - 13 scrolls of identify
 v - a scroll of fog
 x - a scroll of fear
Potions
 b - 6 potions of might
 g - 3 potions of ambrosia
 h - 2 potions of curing
 q - 3 potions of invisibility
 t - 2 potions of heal wounds
 u - 2 potions of haste
 B - 2 potions of resistance
 D - a potion of flight


   Skills:
 * Level 11.7 Fighting
 * Level 17.4 Axes
 - Level 2.0 Throwing
 * Level 11.7 Armour
 * Level 9.8 Dodging
 + Level 0.1 Invocations


You had 11 spell levels left.
You didn't know any spells.
Your spell library contained the following spells:

 Spells                   Type           Power      Damage    Failure   Level
 Beastly Appendage        Tmut           0%         N/A       98%         1
 Freeze                   Ice            0%         1d3       98%         1
 Kiss of Death            Conj/Necr      0%         2d5       98%         1
 Magic Dart               Conj           0%         1d3       98%         1
 Slow                     Hex            0%         N/A       98%         1
 Searing Ray              Conj           0%         2d4       99%         2
 Wereblood                Tmut           0%         N/A       99%         2
 Confusing Touch          Hex            0%         N/A       100%        3
 Frozen Ramparts          Ice            0%         1d1       100%        3
 Hailstorm                Conj/Ice       0%         3d3       100%        3
 Spider Form              Tmut/Pois      0%         N/A       100%        3
 Vampiric Draining        Necr           0%         2d6       100%        3
 Dispel Undead            Necr           0%         3d6       100%        4
 Fulminant Prism          Conj/Hex       0%         3d5       100%        4
 Conjure Ball Lightning   Conj/Air       0%         3x3d6     100%        6
 Discord                  Hex            0%         N/A       100%        8
 Disjunction              Tloc           0%         N/A       100%        8


Dungeon Overview and Level Annotations

Branches:
Dungeon (11/15)            Temple (1/1) D:5            Lair (3/5) D:9
 Shoals (1/4) Lair:2          Orc (0/2) D:9          Bailey (visited)
  Snake: Lair:2-3    Spider: Lair:2-3

Altars:
Ashenzari
Cheibriados
Dithmenos
Elyvilon
Fedhas
Gozag
Hepliaklqana
Kikubaaqudgha
Makhleb
Nemelex Xobeh
Okawaru
Qazlal
Ru
Trog
Uskayaw
Vehumet
Wu Jian
Xom
Zin
The Shining One

Shops:
D:1 [   D:3 *

Annotations:
D:6 3 runed translucent doors, McKennaii's ghost, novice DgCj; Name63's ghost, novice MiHu


Innate Abilities, Weirdness & Mutations

You have a pair of horns on your head.
You reflexively headbutt those who attack you in melee.
You are partially covered in iridescent scales. (AC +2)
You are robust. (+10% HP)
You are covered in fur. (AC +1)


Message History

The cane toad stings you.
Your limbs are stiffening.
You slice the catoblepas!! You burn the catoblepas.
The catoblepas is almost dead.
You hit the basilisk but do no damage. You barely miss the cane toad.
You are engulfed in calcifying dust.
The basilisk gazes at you.
Your limbs have turned to stone.
The catoblepas breathes a plume of calcifying dust at you.
The blast of calcifying dust hits you but does no damage.
The cane toad stings you but does no damage.
The basilisk bites you but does no damage.
The catoblepas gores you but does no damage.
The cane toad stings you but does no damage.
You have turned to stone.
The cane toad stings you. The basilisk bites you!
* * * LOW HITPOINT WARNING * * *
The catoblepas gores you but does no damage.
The cane toad stings you!
* * * LOW HITPOINT WARNING * * *
The basilisk bites you but does no damage.
The catoblepas gores you!
* * * LOW HITPOINT WARNING * * *
The cane toad stings you but does no damage.
The basilisk bites you but does no damage.
The catoblepas gores you but does no damage.
The cane toad stings you!
* * * LOW HITPOINT WARNING * * *
The basilisk gazes at you.
The catoblepas gores you but does no damage.
The cane toad stings you!
* * * LOW HITPOINT WARNING * * *
You hear the faint beating of a drum nearby.
The basilisk bites you!
* * * LOW HITPOINT WARNING * * *
The catoblepas gores you.
* * * LOW HITPOINT WARNING * * *
The cane toad stings you but does no damage.
The cane toad stings you but does no damage.
The catoblepas gores you!!
You die...

.#..# .#.#.#.P.
..#..###..#.....
...............
#...........##
#####............#
.............!....
..........††......
.........Y@.......
.........lF†......
.#...#.....##.....
##. #.....†# ....
....$.............
###...#.#..........
..#..............
.................
..............P#


You could see a catoblepas, a cane toad and a basilisk.

Vanquished Creatures
  4 two-headed ogres
  Nergalle (D:11)
  A sea snake (Shoals:1)
  A harpy (Lair:2)
  A black mamba (Lair:2)
  A gargoyle (Bailey)
  2 rime drakes
  2 komodo dragons
  A merfolk (Shoals:1)
  2 trolls
  2 polar bears (D:9)
  A hornet (D:9)
  7 dream sheep (Lair:3)
  6 blink frogs (Lair:1)
  Sigmund (D:4)
  A vampire (Bailey)
  A basilisk (Lair:2)
  11 yaks
  2 wyverns
  An acid dragon (D:10)
  7 water moccasins
  3 ice beasts
  7 orc warriors (D:9)
  A sky beast (D:8)
  An ogre (D:5)
  9 centaurs
  10 wolves
  3 phantoms
  4 kobold brigands
  4 bullfrogs
  7 scorpions
  4 wights (D:8)
  3 killer bees (D:10)
  5 wolf zombies (Bailey)
  7 vampire bats (Bailey)
  2 howler monkeys
  6 hounds
  6 jellies
  A gnoll bouda (D:6)
  7 orc priests
  A sleepcap (D:6)
  6 iguanas
  14 orc wizards
  Robin (D:4)
  4 adders
  3 gnolls (D:6)
  3 shadow imps
  3 white imps
  3 ufetubi
  3 worms
  2 dart slugs
  57 orcs
  8 ball pythons
  8 endoplasms
  5 giant cockroaches
  14 goblins
  10 hobgoblins
  13 jackals
  34 kobolds
  8 quokkas
  3 bats
  2 frilled lizards
  19 orc zombies (Bailey)
  2 rats (D:1)
372 creatures vanquished.

Notes
Turn   | Place    | Note
-------+----------+-------------------------------------------
     0 | D:1      | Leibowitz the Minotaur Gladiator began the quest for the
                  | Orb.
     0 | D:1      | Reached XP level 1. HP: 18/18 MP: 0/0
    36 | D:1      | Reached XP level 2. HP: 21/25 MP: 1/1
    37 | D:1      | Reached skill level 4 in Axes
   103 | D:1      | Reached XP level 3. HP: 25/30 MP: 2/2
   178 | D:1      | Reached skill level 1 in Armour
   446 | D:1      | Found Riddutam's Armour Boutique.
   662 | D:2      | Reached XP level 4. HP: 29/37 MP: 3/3
  1235 | D:3      | Found Eruwuob's Assorted Antiques.
  1255 | D:3      | Reached skill level 5 in Axes
  1378 | D:3      | Identified the +6 dagger "Zyogogaa" {freeze, rF- Str+7
                  | Int+3 Dex+2}
  1814 | D:4      | Found a radiant altar of Vehumet.
  1822 | D:4      | Reached XP level 5. HP: 32/45 MP: 4/4
  1944 | D:4      | Noticed Sigmund
  1959 | D:4      | Gained mutation: You are covered in fur. (AC +1) [potion of
                  | mutation]
  1959 | D:4      | Gained mutation: You are robust. (+10% HP) [potion of
                  | mutation]
  1959 | D:4      | Gained mutation: You are partially covered in iridescent
                  | scales. (AC +2) [potion of mutation]
  1962 | D:4      | Killed Sigmund
  1963 | D:4      | Reached skill level 6 in Axes
  1963 | D:4      | Reached XP level 6. HP: 24/56 MP: 5/5
  2178 | D:4      | Noticed Robin
  2193 | D:4      | Killed Robin
  2602 | D:4      | Found a burning altar of Makhleb.
  2851 | D:4      | Reached skill level 7 in Axes
  3071 | D:5      | Entered Level 5 of the Dungeon
  3097 | D:5      | Reached XP level 7. HP: 46/64 MP: 6/6
  3393 | D:5      | Found a staircase to the Ecumenical Temple.
  3398 | Temple   | Entered the Ecumenical Temple
  3407 | Temple   | Became a worshipper of Warmaster Okawaru
  3722 | D:5      | Reached skill level 8 in Axes
  3722 | D:5      | Reached skill level 5 in Dodging
  3844 | D:5      | Reached * piety under Okawaru
  4218 | D:6      | Found a runed translucent gate.
  4240 | D:6      | Found a runed translucent gate.
  4240 | D:6      | Found a runed translucent gate.
  4259 | D:6      | Noticed McKennaii's ghost (novice DgCj)
  4259 | D:6      | Noticed Name63's ghost (novice MiHu)
  4282 | D:6      | Reached XP level 8. HP: 67/73 MP: 7/7
  4288 | D:5      | Reached skill level 5 in Armour
  4401 | D:6      | Reached skill level 9 in Axes
  4596 | D:6      | Reached skill level 5 in Fighting
  4667 | D:6      | Reached ** piety under Okawaru
  4836 | D:6      | Noticed a two-headed ogre
  4852 | D:6      | Killed a two-headed ogre
  4852 | D:6      | Reached *** piety under Okawaru
  4853 | D:6      | Reached skill level 10 in Axes
  4853 | D:6      | Reached XP level 9. HP: 22/82 MP: 8/8
  5108 | D:6      | Reached skill level 11 in Axes
  6080 | D:7      | Reached **** piety under Okawaru
  6089 | D:7      | Reached skill level 12 in Axes
  6507 | D:8      | Found a flagged portal.
  6514 | D:8      | Reached XP level 10. HP: 88/94 MP: 9/9
  6527 | Bailey   | Entered a bailey
  6648 | Bailey   | Noticed a gargoyle
  6656 | Bailey   | Killed a gargoyle
  6751 | Bailey   | Reached ***** piety under Okawaru
  6762 | Bailey   | Identified the +1 robe of the Cockroach {rPois Int+2
                  | Archmagi}
  6881 | Bailey   | Found the +10 Black Knight's barding {ponderous, rPois rN+}
  6991 | Bailey   | Reached skill level 13 in Axes
  7100 | Bailey   | Identified the staff of earth "Hayrou" {+Blink Str+2}
  7141 | D:8      | Reached skill level 14 in Axes
  7141 | D:8      | Reached skill level 10 in Armour
  7141 | D:8      | Reached XP level 11. HP: 108/108 MP: 10/10
  7419 | D:8      | Identified the +7 trident "Hodwiec" {speed, rN+ rCorr}
  7596 | D:9      | Reached skill level 10 in Fighting
  7605 | D:9      | Found a staircase to the Lair.
  7833 | D:9      | You fall into a shaft and drop 2 floors!
  7857 | D:11     | Noticed Nergalle
  7882 | D:11     | Reached skill level 15 in Axes
  7890 | D:11     | Killed Nergalle
  8237 | D:10     | Entered Level 10 of the Dungeon
  8295 | D:10     | Noticed a two-headed ogre
  8314 | D:10     | Killed a two-headed ogre
  8314 | D:10     | Received a gift from Okawaru
  8414 | D:10     | Found a broken altar of Ashenzari.
  8414 | D:10     | Noticed a two-headed ogre
  8530 | D:10     | Killed a two-headed ogre
  8687 | D:9      | Noticed a two-headed ogre
  8696 | D:9      | Killed a two-headed ogre
  8697 | D:9      | Reached XP level 12. HP: 69/118 MP: 11/11
  8762 | D:9      | Reached skill level 16 in Axes
  9059 | D:9      | Found a staircase to the Orcish Mines.
  9210 | Lair:1   | Entered Level 1 of the Lair of Beasts
  9977 | Lair:1   | Reached ****** piety under Okawaru
 10395 | Lair:2   | Received a gift from Okawaru
 10649 | Lair:2   | Reached skill level 17 in Axes
 10793 | Lair:2   | Found a staircase to the Shoals.
 10978 | Shoals:1 | Entered Level 1 of the Shoals
 11201 | Lair:3   | Noticed a catoblepas
 11223 | Lair:3   | Slain by a catoblepas

Illustrated notes

Levels and vault maps discovered:
D:1:      dpeg_arrival_round_a, layout_rooms, serial_shops, shop,
          chequers_jeans, minmay_unequal
D:2:      layout_basic
D:3:      layout_loops_ring, serial_shops, shop
D:4:      layout_loops_corners, bloody_makhleb, amcnicky_mini_corridor_feature,
          chequers_serial_rivers_small_b, kennysheep_diamond, uniq_robin,
          uniq_sigmund
D:5:      layout_gridville, minmay_temple_entry_butterflies
D:6:      kennysheep_six_static_rooms, layout_gridville,
          gammafunk_ghost_cemetery, minmay_strange_pillars
D:7:      layout_cave_pods
D:8:      layout_rooms, enter_bailey_1
D:9:      layout_long_grid, hellmonk_lair_entry_icy, david_orc_4, special_room
          [special_room_orc]
D:10:     layout_roguey, lemuel_blue_sif_altar,
          yredelemnul_forgotten_temple_becter, nicolae_ashenzari_skybound,
          nrook_mini_backslash, uniq_urug
D:11:     layout_irregular_city, okawaru_altar_gauntlet_db, uniq_nergalle
Temple:   nicolae_temple_bog_church
Lair:1:   layout_cave_pods, infiniplex_staircase_pool_2, grunt_megastairs_1
Lair:2:   layout_gridlike, nicolae_shoals_entry_roost
Lair:3:   layout_long_grid, nicolae_spider_entry_tight_spaces,
          gauntlet_entry_generic, minmay_holes, grunt_forest_large_clearings
Shoals:1: layout_shoals, nicolae_shoals_nymph_descending_staircase

Skill      XL: |  1  2  3  4  5  6  7  8  9 10 11 12 |
---------------+-------------------------------------+-----
Axes           | 4 5 6 7 8 10 12 14 15 17 | 17.4
Armour         | 1 2 3 4 6 8 10 11 | 11.7
Dodging        | 4 5 6 8 9 |  9.8
Fighting       | 3 4 6 7 9 10 11 | 11.7
Throwing       | |  2.0
Invocations    | |  0.1

Action                     |  1- 3 |  4- 6 |  7- 9 | 10-12 || total
---------------------------+-------+-------+-------+-------++-------
  Melee: War axe           |    66 |   117 |   261 |     1 ||   445
         Punch             |     2 |     1 |     2 |       ||     5
         Headbutt          |     7 |    31 |    57 |    45 ||   140
         Battleaxe         |       |       |       |   290 ||   290
         Executioner's axe |       |       |       |    41 ||    41
  Throw: Throwing net      |       |     3 |     2 |       ||     5
 Invoke: Heroism           |       |       |       |     1 ||     1
    Use: Potion            |       |     9 |     3 |     5 ||    17
         Scroll            |       |       |    15 |     1 ||    16
   Stab: Held in net/web   |       |       |     2 |       ||     2
 Armour: Leather armour    |    20 |     2 |       |       ||    22
         Chain mail        |       |    60 |       |       ||    60
         Plate armour      |       |     6 |   168 |   284 ||   458
  Dodge: Dodged            |    77 |    67 |    98 |   244 ||   486
